 Dungeon Crawl Stone Soup version 0.27.0-1-g7a089689b8 (webtiles) character file.

Game seed: 2990067538407532073

44 SnakkuSnakku7 the Poker (level 3, -4/27 HPs)
             Began as a Merfolk Air Elementalist on Aug 14, 2021.
             Killed by nerve-wracking pain
             ... invoked by an orc priest
              (7 damage)
             ... on level 3 of the Dungeon.
             The game lasted 00:02:35 (2183 turns).

SnakkuSnakku7 the Poker (Merfolk Air Elementalist)  Turns: 2183, Time: 00:02:36

Health: -4/27      AC:  3    Str:  9    XL:     3   Next: 62%
Magic:  0/6        EV: 12    Int: 14    God:
Gold:   118        SH:  0    Dex: 14    Spells: 5/6 levels left

rFire    . . .     SeeInvis .   a - +0 spear
rCold    . . .     Faith    .   (no shield)
rNeg     . . .     Spirit   +   l - +0 leather armour
rPois    .         Reflect  .   (no helmet)
rElec    .         Harm     .   (no cloak)
rCorr    .         Rampage  .   (no gloves)
Will     .....                  (no boots)
Stlth    ++........             b - amulet of guardian spirit
HPRegen  0.09/turn              (no ring)
MPRegen  0.10/turn              (no ring)

@: no status effects
A: (nimble swimmer 2), mertail
a: no special abilities


You were on level 3 of the Dungeon.
You visited 1 branch of the dungeon, and saw 3 of its levels.

You collected 118 gold pieces.

Inventory:

Hand Weapons
 a - a +0 spear (weapon)
Armour
 c - a +0 robe
 l - a +0 leather armour (worn)
Jewellery
 b - an amulet of guardian spirit (around neck)
Scrolls
 e - 2 scrolls of teleportation {unknown}
 f - a scroll of enchant armour {unknown}
 g - 4 scrolls of identify {unknown}
Potions
 h - a potion of flight {unknown}
 i - a potion of curing {unknown}
 j - a potion of mutation {unknown}
 k - a potion of resistance {unknown}


   Skills:
 + Level 2.3 Fighting
 + Level 3.1 Polearms
 - Level 2.6 Dodging
 - Level 2.1 Stealth
 - Level 2.0 Spellcasting
 - Level 0.7 Conjurations
 - Level 2.4 Air Magic


You had 5 spell levels left.
You knew the following spells:

 Your Spells              Type           Power      Damage    Failure   Level
a - Shock                 Conj/Air       20%        1d4       19%         1

Your spell library contained the following spells:

 Spells                   Type           Power      Damage    Failure   Level
 Static Discharge         Conj/Air       5%         N/A       26%         2
 Swiftness                Air            8%         N/A       36%         3
 Sublimation of Blood     Necr           0%         N/A       45%         2
 Wereblood                Tmut           1%         N/A       45%         2
 Airstrike                Air            4%         N/A       77%         4
 Summon Hydra             Summ           0%         N/A       100%        7


Dungeon Overview and Level Annotations

Branches:
Dungeon (3/15)

Altars:

Shops:
D:2 :


Innate Abilities, Weirdness & Mutations

((You are quick and stealthy near water. (Stealth+, EV+, Speed+++)))
Your lower body shifts to a powerful aquatic tail in water.


Message History

You barely miss the orc.
The orc is almost dead.
The orc hits you with a +0 short sword.
You are too injured to fight recklessly!
You are too injured to fight recklessly!
You hit the orc.
You kill the orc!
Things that are here:
a +0 short sword; an orc corpse You start resting.
Magic restored.
There is a stone staircase leading down, spattered with blood here.
You start resting.
HP restored.
You climb downwards.
The orc priest hits you but does no damage.
The orc priest barely misses you.
There is a stone staircase leading up here.
Unknown command.
You hit the orc priest.
The orc priest is lightly wounded.
The orc priest begins to cast a cantrip, but forgets the words!
You hit the orc priest but do no damage.
The orc priest is lightly wounded.
The orc priest invokes the aid of Beogh against you.
Beogh smites you!
You hit the orc priest but do no damage.
The orc priest completely misses you.
You barely miss the orc priest.
The orc priest invokes the aid of Beogh against you.
Beogh smites you!
* * * LOW HITPOINT WARNING * * *
Okay, then.
As you read the scroll labelled ROISI FOYCVERY, it crumbles to dust.
You hear a loud clanging noise!
It was a scroll of noise.
You hear a shout!
The orc priest invokes the aid of Beogh against you.
Pain shoots through your body!
You die...

... #.# #.# ...
#.# #.#
..#.###.######.#
#......o@.....#
######.########
...#######.#
#...o.o...#
###########


You could see an orc priest.

Vanquished Creatures
  A dart slug (D:2)
  2 orcs (D:2)
  5 ball pythons
  2 endoplasms
  4 giant cockroaches
  2 goblins
  4 hobgoblins
  3 jackals (D:2)
  A quokka (D:1)
  A bat (D:2)
  A frilled lizard (D:2)
  4 kobolds
  6 rats
36 creatures vanquished.

Notes
Turn   | Place    | Note
-------+----------+-------------------------------------------
     0 | D:1      | SnakkuSnakku7 the Merfolk Air Elementalist began the quest
                  | for the Orb.
     0 | D:1      | Reached XP level 1. HP: 13/13 MP: 3/3
   133 | D:1      | Reached skill level 1 in Polearms
   165 | D:1      | Reached skill level 1 in Fighting
   193 | D:1      | Reached XP level 2. HP: 3/21 MP: 5/5
   563 | D:1      | Reached skill level 2 in Polearms
   926 | D:2      | Reached XP level 3. HP: 17/27 MP: 6/6
  1455 | D:2      | Found Ivames's Book Shoppe.
  1504 | D:2      | Reached skill level 3 in Polearms
  2183 | D:3      | Killed from afar by an orc priest

Illustrated notes

Levels and vault maps discovered:
D:1:      eino_arrival_water_star, layout_rooms
D:2:      layout_loops_cross, serial_shops, nicolae_shop_statue_plus,
          nrook_mini_vaults
D:3:      layout_loops_ring, chequers_ecumenical_altar_simple, serial_shops,
          nicolae_lakefront_shop

Skill      XL: |  1  2  3 |
---------------+----------+-----
Polearms       | 1 2 3 |  3.1
Fighting       | 1 2 |  2.3
Dodging        | |  2.6
Stealth        | |  2.1
Spellcasting   | |  2.0
Conjurations   | |  0.7
Air Magic      | |  2.4

Action                   || total
-------------------------++-------
Melee: Spear             ||   181
  Use: Scroll            ||     1
 Stab: Sleeping          ||     1
Armor: Robe              ||    22
       Leather armour    ||     1
Dodge: Dodged            ||    93
